 Dungeon Crawl Stone Soup version 0.17-a0-1718-g72dbe4d (webtiles) character file.

20 SirGodfroy the Scratcher (level 2, 0/12 HPs)
             Began as a Felid Transmuter on Aug 24, 2015.
             Slain by a bat (1 damage)
             ... on level 1 of the Dungeon.
             The game lasted 00:01:36 (1048 turns).

SirGodfroy the Scratcher (Felid Transmuter)         Turns: 1048, Time: 00:01:36

Health: 0/12       AC:  1    Str:  6    XL:     2   Next: 58%
Magic:  6/6        EV: 18    Int: 14    God:
Gold:   41         SH:  0    Dex: 16    Spells: 1 memorised, 4 levels left
                                        Lives:  0   Deaths: 0

rFire  . . .     SeeInvis +       - Unarmed
rCold  . . .     Clarity  .     (armour unavailable)
rNeg   . . .     SustAt   .     (shield unavailable)
rPois  .         Gourm    .     (helmet unavailable)
rElec  .         Spirit   .     (cloak unavailable)
rCorr  .         Warding  .     (gloves unavailable)
rMut   .         Stasis   .     (boots unavailable)
MR     .....                    (no amulet)
Stlth  ++........               (no ring)
                                (no ring)

@: quick, not resistant to hostile enchantments, unstealthy
A: no armour, no weapons or thrown items, claws 1, fangs 3, see invisible,
carnivore 3, speed 1, shaggy fur 1, slow metabolism 1, sharp paws
a: no special abilities


You were on level 1 of the Dungeon.
You were very full.

You visited 1 branch of the dungeon, and saw 1 of its levels.

You collected 41 gold pieces.

Inventory:

Missiles
 a - 12 arrows
Jewellery
 f - a cursed ring of stealth {unknown}
Scrolls
 d - a scroll of fog {unknown}
 h - a scroll of identify {unknown}
 i - a scroll of noise {unknown}
 l - a scroll of teleportation {unknown}
Potions
 e - a potion of agility {unknown}
 g - a potion of brilliance {unknown}
 k - a potion of invisibility {unknown}
Books
 b - a book of Changes

   Spells                             Type                      Level
   a - Beastly Appendage              Transmutation                1
   b - Sticks to Snakes               Transmutation                2
   c - Spider Form                    Transmutation/Poison         3
   d - Ice Form                       Ice/Transmutation            4
   e - Blade Hands                    Transmutation                5
Comestibles
 c - a meat ration
 j - a slice of pizza


   Skills:
 + Level 1.6 Fighting
 + Level 3.1 Dodging
 * Level 3.4 Unarmed Combat
 - Level 2.0 Spellcasting
 - Level 2.1 Transmutations


You had 4 spell levels left.
You knew the following spells:

 Your Spells              Type           Power        Failure   Level  Hunger
a - Beastly Appendage     Trmt           #.....       12%         1    ##.....


Dungeon Overview and Level Annotations

Branches:
Dungeon (1/15)

Altars:


Innate Abilities, Weirdness & Mutations

You cannot wear armour.
You are incapable of wielding weapons or throwing items.
You have sharp claws.
You have razor-sharp teeth.
You have supernaturally acute eyesight.
You are carnivorous and can eat meat at any time.
You cover ground quickly.
You are covered in fur (AC +1).
You have a slow metabolism.
Your sharp claws are effective at attacking unaware monsters.


Message History

There is an open door here.
The bat hits you but does no damage. The bat completely misses you.
You scratch the bat.
The bat is almost dead.
The bat closely misses you. The bat misses you. The bat hits you.
* * * LOW HITPOINT WARNING * * *
The bat barely misses you.
Your horns disappear.
The bat closely misses you. The bat barely misses you.
The bat completely misses you. The bat hits you.
* * * LOW HITPOINT WARNING * * *
The bat barely misses you. The bat hits you but does no damage.
The bat misses you. The bat barely misses you.
The bat hits you but does no damage. The bat completely misses you.
The bat hits you.
You die...

#.########.#.# #.### .#
#.####...#.#.# #.# .#
#........#.#.# #.###
.###########.###.#.##########....
..>..............................
....######.#.#.#.#.######........
[...#......#)#.#.#.# #.######.
....#.######.#b#.#.######.######.
...['......g...b@................
....##########)#.#.######.######.
....# #.#.#.######.# #. ....#
#.#.#......†.# #. .$..#
#.#.#........# ## #####
#.#..........# # #.####.......# #
#............# # ######......## #


You could see a hobgoblin and 2 bats.

Vanquished Creatures
  A worm (D:1)
  2 giant geckos (D:1)
  2 bats (D:1)
  A hobgoblin (D:1)
  5 goblins (D:1)
  3 kobolds (D:1)
  2 rats (D:1)
16 creatures vanquished.

Notes
Turn   | Place    | Note
--------------------------------------------------------------
     0 | D:1      | SirGodfroy the Felid Transmuter began the quest for the Orb.
     0 | D:1      | Reached XP level 1. HP: 9/9 MP: 4/4
   136 | D:1      | Reached XP level 2. HP: 1/12 MP: 4/6
  1048 | D:1      | Slain by a bat

Vault maps used:
D:1:      evilmike_arrival_run_for_it

Action                   || total
-------------------------++-------
Melee: Unarmed           ||    55
 Cast: Beastly Appendage ||    13
 Stab: Sleeping          ||     2
  Eat: Chunk             ||     6
